 Dungeon Crawl Stone Soup version 0.19-a0-1260-gc94d3f7 (webtiles) character file.

13710 Kidiri the Thaumaturge (level 11, -6/68 HPs)
             Began as a Deep Elf Fire Elementalist on Aug 28, 2016.
             Was an Elder of Vehumet.
             Mangled by a spiny frog (21 damage)
             ... on level 1 of the Lair of Beasts.
             The game lasted 00:57:56 (15584 turns).

Kidiri the Thaumaturge (DEFE)                      Turns: 15584, Time: 00:57:57

Health: -6/68      AC: 10    Str:  7    XL:     11   Next: 79%
Magic:  26/29      EV: 16    Int: 27    God:    Vehumet [****..]
Gold:   638        SH:  0    Dex: 13    Spells: 9 memorised, 4 levels left

rFire  . . .     SeeInvis .     v - +6 spear of the Sky {pierce, Stlth+}
rCold  . . .     Gourm    .     E - +2 robe {Archmagi}
rNeg   . . .     Faith    .     (no shield)
rPois  +         Spirit   .     (helmet restricted)
rElec  .         Dismiss  .     t - +1 cloak
rCorr  .         Reflect  .     q - +1 pair of gloves
MR     +....     Harm     .     (no boots)
Stlth  ++++......               (no amulet)
                                B - ring of stealth
                                k - +3 ring of intelligence

@: delayed fireball
A: claws 1, horns 1, iridescent scales 1, clumsy 1, mutation resistance 1,
poison resistance, robust 1, strong 1
a: Renounce Religion, Release Delayed Fireball


You were on level 1 of the Lair of Beasts.
You worshipped Vehumet.
Vehumet was greatly pleased with you.
You were not hungry.

You visited 3 branches of the dungeon, and saw 12 of its levels.

You collected 638 gold pieces.

Inventory:

Hand Weapons
 v - the +6 spear of the Sky (weapon) {pierce, Stlth+}
   (You found it on level 6 of the Dungeon)

   It inflicts extra damage upon your enemies.
   It makes you more stealthy.
 w - a +3 short sword of protection
Armour
 q - a +1 pair of gloves (worn)
 t - a +1 cloak (worn)
 E - a +2 robe of the Archmagi (worn)
Jewellery
 j - an uncursed ring of flight
 k - a +3 ring of intelligence (left hand)
 B - a ring of stealth (right hand)
Wands
 m - a wand of iceblast (6/15)
 z - a wand of acid (15/15)
 G - a wand of slowing (34/48)
 H - a wand of polymorph (16/24)
Scrolls
 a - a scroll of fog
 d - 3 scrolls of remove curse
 e - 2 scrolls of recharging
 r - a scroll of magic mapping
 x - 2 scrolls of amnesia
 y - a scroll of immolation
Potions
 f - a potion of ambrosia
 g - a potion of haste
 h - 2 potions of curing
 n - a potion of resistance
 o - a potion of cure mutation
 p - 2 potions of brilliance
 u - 3 potions of flight
 A - a potion of berserk rage
 C - a potion of lignification
 F - a potion of mutation {unknown}
Books
 l - a book of Power

   Spells                             Type                      Level
   a - Fulminant Prism                Conjuration/Hexes            4
   b - Iskenderun's Mystic Blast      Conjuration                  4
   c - Venom Bolt                     Conjuration/Poison           5
   d - Bolt of Magma                  Conjuration/Fire/Earth       5
   e - Iron Shot                      Conjuration/Earth            6
   f - Orb of Destruction             Conjuration                  7
   g - Spellforged Servitor           Conjuration/Summoning        7
 s - a book of the Sky

   Spells                             Type                      Level
   a - Summon Lightning Spire         Summoning/Air                4
   b - Airstrike                      Air                          4
   c - Silence                        Hexes/Air                    5
   d - Deflect Missiles               Charms/Air                   6
   e - Conjure Ball Lightning         Conjuration/Air              6
   f - Tornado                        Air                          9
Comestibles
 b - 8 fruits
 c - 3 bread rations
 i - 4 chunks of flesh
 D - 2 meat rations


   Skills:
 + Level 4.8 Fighting
 + Level 5.4 Short Blades
 + Level 4.4 Armour
 + Level 7.3 Dodging
 - Level 2.4 Stealth
 * Level 12.0 Spellcasting
 + Level 7.2 Conjurations
 + Level 8.4 Fire Magic
 + Level 5.9 Air Magic
 + Level 5.7 Evocations


You had 4 spell levels left.
You knew the following spells:

 Your Spells              Type           Power        Failure   Level  Hunger
a - Flame Tongue          Conj/Fire      #####        1%          1    None
b - Throw Flame           Conj/Fire      ######       1%          2    None
c - Conjure Flame         Conj/Fire      ######..     1%          3    None
d - Inner Flame           Hex/Fire       ######..     1%          3    None
e - Sticky Flame          Conj/Fire      ######..     1%          4    None
f - Fireball              Conj/Fire      ######....   1%          5    ###....
g - Delayed Fireball      Conj/Fire      N/A          54%         7    ######.
h - Airstrike             Air            ######....   1%          4    None
i - Deflect Missiles      Chrm/Air       #####.....   99%         6    #####..


Dungeon Overview and Level Annotations

Branches:
Dungeon (9/15)             Temple (1/1) D:4            Lair (2/6) D:9
    Orc (0/2) D:9
  Swamp: Lair:2-4    Shoals: Lair:2-4     Snake: Lair:2-4    Spider: Lair:2-4

Altars:
Ashenzari
Cheibriados
Dithmenos
Elyvilon
Fedhas
Gozag
Hepliaklqana
Kikubaaqudgha
Makhleb
Nemelex Xobeh
Okawaru
Qazlal
Ru
Sif Muna
Trog
Uskayaw
Vehumet
Xom
Yredelemnul
Zin
The Shining One


Innate Abilities, Weirdness & Mutations

You have sharp fingernails.
You have a pair of small horns on your head.
You are partially covered in iridescent scales. (AC +2)
You are clumsy. (Dex -2)
You are somewhat resistant to further mutation.
Your system is resistant to poisons. (rPois)
You are robust. (+10% HP)
Your muscles are strong. (Str +2)


Message History

Aim: a spiny frog You feel a surge of power!
The sticky flame hits the spiny frog.
The spiny frog is lightly wounded.
The spiny frog is covered in liquid flames!
The spiny frog burns!
The wolf barely misses you. The spiny frog barely misses you.
The spiny frog stings you! The wolf bites you.
Unknown command.
The spiny frog burns!
The spiny frog closely misses you. The spiny frog barely misses you.
The wolf bites you! The spiny frog stings you!
* * * LOW HITPOINT WARNING * * *
You climb upwards.
There is a stone staircase leading down here.
Unknown command.
Unknown command.
You feel better.
The spiny frog burns!
The spiny frog stings you.
* * * LOW HITPOINT WARNING * * *
The spiny frog stings you!!
You die...

#### #.##### # #.# #.#
#########.### ###
#.......#...#########.#
#..##.#.#.........>...#
#..####.#...####.#.##.#
#.## ##.....########..#
..# #.........F@# ##.##
#.# ♣.....##.##F# #..#
♣.#♣♣♣......###.h####.##
♣..♣...♣.....###.##P..##
....♣....♣.............#
.....♣.♣♣..♣♣.##.##.#.##
♣.♣...♣♣...♣♣♣##.######
.♣.).♣..♣♣.♣ #..#
♣...♣.♣♣♣♣♣♣ #.##


You could see 2 spiny frogs and a wolf.

Vanquished Creatures
  A hydra (Lair:1)
  The ghost of Tux the Grappler, a novice VSMo of Cheibriados (D:9)
  The ghost of eragonby the Protected, a novice MiFi of Elyvilon (D:7)
  An oklob plant (Lair:1)
  A manticore (D:8)
  2 spiny frogs
  A wyvern (D:9)
  9 yaks
  6 hippogriffs
  2 hungry ghosts (D:8)
  A steam dragon (D:9)
  5 water moccasins
  3 porcupines (Lair:1)
  Duvessa (D:5)
  4 orc warriors
  2 ice beasts
  4 ogres
  2 black bears
  A phantom (D:4)
  6 sky beasts
  3 wolves
  4 centaurs
  3 crocodiles
  8 giant frogs
  A gnoll sergeant (D:9)
  A water moccasin zombie (D:7)
  Dowan (D:5)
  A scorpion (D:5)
  46 killer bees (Lair:1)
  5 wights (D:9)
  A howler monkey (D:8)
  2 crimson imps (D:7)
  2 giant frog zombies
  A wasp zombie (D:8)
  A jelly (D:7)
  4 hounds
  7 orc wizards
  2 gnoll shamans
  5 orc priests
  2 giant frog skeletons
  4 iguanas
  Natasha (thrice) (D:2 D:4)
  8 worker ants
  A killer bee zombie (D:7)
  2 hound skeletons
  A worker ant zombie (D:6)
  2 howler monkey skeletons (D:6)
  8 adders
  20 gnolls
  3 river rats (D:9)
  3 oozes
  An adder zombie (D:9)
  An adder skeleton (D:7)
  5 worms
  2 dart slugs
  3 giant geckos
  51 orcs
  5 ball pythons
  5 giant cockroaches
  7 goblins
  8 hobgoblins
  4 jackals (D:3)
  7 quokkas
  A ball python skeleton (D:4)
  19 bats
  A giant gecko skeleton (D:4)
  2 giant gecko zombies
  2 giant newts
  8 kobolds
  A quokka zombie (D:8)
  21 rats
  3 bushes (Lair:1)
366 creatures vanquished.

Vanquished Creatures (others)
  12 fungi (D:9)
  20 plants
  9 toadstools (Lair:1)
41 creatures vanquished.

Grand Total: 407 creatures vanquished

Notes
Turn   | Place    | Note
-------+----------+-------------------------------------------
     0 | D:1      | Kidiri the Deep Elf Fire Elementalist began the quest for the Orb.
     0 | D:1      | Reached XP level 1. HP: 10/10 MP: 6/6
   314 | D:1      | Reached XP level 2. HP: 15/15 MP: 5/8
   318 | D:1      | Learned a level 2 spell: Throw Flame
   962 | D:2      | Reached skill level 4 in Spellcasting
  1062 | D:2      | Reached XP level 3. HP: 19/19 MP: 3/10
  1067 | D:2      | Learned a level 3 spell: Conjure Flame
  1071 | D:2      | Learned a level 3 spell: Inner Flame
  1268 | D:2      | Found a glowing golden altar of the Shining One.
  1387 | D:2      | Noticed Natasha
  1394 | D:2      | Killed Natasha
  1394 | D:2      | Reached XP level 4. HP: 11/24 MP: 2/12
  1618 | D:2      | Noticed Natasha
  1628 | D:2      | Killed Natasha
  1628 | D:2      | Reached skill level 5 in Spellcasting
  1793 | D:2      | Learned a level 4 spell: Sticky Flame
  1873 | D:2      | Reached XP level 5. HP: 28/28 MP: 0/14
  2268 | D:3      | Found an iron altar of Okawaru.
  3106 | D:3      | Found a blossoming altar of Fedhas.
  3200 | D:4      | Noticed Natasha
  3223 | D:4      | Killed Natasha
  3223 | D:4      | Reached skill level 6 in Spellcasting
  3223 | D:4      | Reached skill level 5 in Fire Magic
  3414 | D:4      | Found a stormy altar of Qazlal.
  3416 | D:4      | Noticed a fire elemental
  3423 | D:4      | Noticed an air elemental
  3434 | D:4      | Reached XP level 6. HP: 32/32 MP: 11/17
  3476 | D:4      | Learned a level 4 spell: Airstrike
  3479 | D:4      | Found a staircase to the Ecumenical Temple.
  3495 | Temple   | Entered the Ecumenical Temple
  3507 | Temple   | Became a worshipper of Vehumet
  3745 | D:4      | Reached skill level 1 in Air Magic
  3779 | D:4      | Noticed a water elemental
  3853 | D:4      | Reached XP level 7. HP: 37/37 MP: 2/19
  4057 | D:4      | Reached skill level 7 in Spellcasting
  4134 | D:3      | HP: 1/37 [poisoned by a worker ant]
  4485 | D:4      | Reached skill level 1 in Evocations
  4514 | D:4      | Reached skill level 1 in Fighting
  4514 | D:4      | Reached skill level 1 in Armour
  4770 | D:5      | Entered Level 5 of the Dungeon
  4775 | D:5      | Noticed Duvessa
  4778 | D:5      | Noticed Dowan
  4976 | D:5      | Reached skill level 1 in Short Blades
  5012 | D:5      | HP: 1/38 [poisoned by a worker ant]
  5286 | D:5      | Gained mutation: You have sharp fingernails. [mutagenic meat]
  5289 | D:5      | Gained mutation: You are clumsy. (Dex -2) [mutagenic meat]
  5292 | D:5      | Gained mutation: Your muscles are strong. (Str +2) [mutagenic meat]
  5295 | D:5      | Gained mutation: You are robust. (+10% HP) [mutagenic meat]
  5298 | D:5      | Gained mutation: Your system is resistant to poisons. (rPois) [mutagenic meat]
  5301 | D:5      | Gained mutation: You have a pair of small horns on your head. [mutagenic meat]
  5365 | D:5      | Gained mutation: You are somewhat resistant to further mutation. [mutagenic meat]
  5371 | D:5      | Gained mutation: You are partially covered in iridescent scales. (AC +2) [mutagenic meat]
  5505 | D:5      | Reached * piety under Vehumet
  5505 | D:5      | Offered knowledge of Shock by Vehumet.
  5850 | D:5      | Reached XP level 8. HP: 47/47 MP: 12/21
  5895 | D:5      | Killed Duvessa
  5916 | D:5      | Killed Dowan
  6020 | D:5      | Learned a level 5 spell: Fireball
  6400 | D:5      | Found a glowing silver altar of Zin.
  6548 | D:6      | Reached skill level 8 in Spellcasting
  6896 | D:6      | Found a burning altar of Makhleb.
  7294 | D:6      | Got a translucent spear
  7295 | D:6      | Identified the +6 spear of the Sky {pierce, Stlth+} (You found it on level 6 of the Dungeon)
  7552 | D:6      | Reached XP level 9. HP: 52/52 MP: 12/23
  7563 | D:6      | Found a bloodstained altar of Trog.
  7802 | D:7      | Found a shimmering altar of Xom.
  8072 | D:7      | Offered knowledge of Searing Ray by Vehumet.
  8072 | D:7      | Reached ** piety under Vehumet
  8091 | D:7      | Noticed eragonby's ghost (novice MiFi)
  8092 | D:7      | Reached skill level 9 in Spellcasting
  8252 | D:7      | HP: 2/53 [eragonby's ghost (16)]
  8255 | D:7      | Killed eragonby's ghost
  8255 | D:7      | Reached skill level 5 in Dodging
  9112 | D:7      | Reached skill level 5 in Conjurations
  9737 | D:8      | Found a shattered altar of Ashenzari.
  9757 | D:8      | Offered knowledge of Static Discharge by Vehumet.
  9757 | D:8      | Reached XP level 10. HP: 61/61 MP: 23/25
  9773 | D:8      | Learned a level 6 spell: Deflect Missiles
  9928 | D:8      | Reached skill level 10 in Spellcasting
 10442 | D:8      | Noticed a manticore
 10451 | D:8      | Killed a manticore
 10460 | D:8      | Reached *** piety under Vehumet
 10877 | D:9      | Found a staircase to the Orcish Mines.
 11015 | D:9      | Offered knowledge of Mephitic Cloud by Vehumet.
 11021 | D:9      | Noticed Tux's ghost (novice VSMo)
 11500 | D:9      | Reached **** piety under Vehumet
 11667 | D:9      | Reached skill level 5 in Air Magic
 11816 | D:9      | Offered knowledge of Lightning Bolt by Vehumet.
 12119 | D:9      | HP: 3/61 [steam dragon (3)]
 12121 | D:9      | Reached skill level 11 in Spellcasting
 12475 | D:9      | Found a staircase to the Lair.
 13125 | D:9      | Killed Tux's ghost
 13125 | D:9      | Reached XP level 11. HP: 21/67 MP: 16/28
 13352 | Lair:1   | Entered Level 1 of the Lair of Beasts
 13511 | Lair:1   | Reached skill level 5 in Evocations
 13578 | Lair:1   | Reached ***** piety under Vehumet
 13578 | Lair:1   | Offered knowledge of Delayed Fireball by Vehumet.
 13589 | Lair:1   | Learned a level 7 spell: Delayed Fireball
 13610 | Lair:1   | Noticed a five-headed hydra
 13614 | Lair:1   | Killed a five-headed hydra
 13742 | Lair:1   | Reached skill level 5 in Short Blades
 14247 | Lair:1   | Found a blossoming altar of Fedhas.
 14271 | Lair:1   | Noticed an oklob plant
 14278 | Lair:1   | Killed an oklob plant
 15361 | Lair:1   | Reached skill level 12 in Spellcasting
 15584 | Lair:1   | Mangled by a spiny frog

Vault maps used:
D:1:      dpeg_arrival_rooms_c
D:2:      first_bread, kennysheep_big_empty_room, nicolae_tso_carved_into_rock,
          uniq_natasha
D:3:      marbit_many_paths, nicolae_overflow_hidden_temple
D:4:      nicolae_qazlal_style_of_elements
D:5:      kennysheep_mini_moat, uniq_duvessa
D:6:      lemuel_coloured_pillars_altar, nicolae_lava_and_water,
          makhleb_heckhound_becter
D:7:      nicolae_overflow_crystal_walls
D:8:      lemuel_crystal_altar
D:9:      grunt_lair_entry_orc_guard_hut
Temple:   eino_temple_water
Lair:1:   wad_woods_minihive, tgw_fedhas
Lair:2:   beast_lair_carwin_5

Skill      XL: |  1  2  3  4  5  6  7  8  9 10 11 |
---------------+----------------------------------+-----
Spellcasting   | 4 5 6 7 8 9 11 12 | 12.0
Fire Magic     | 4 5 6 7 8 |  8.4
Conjurations   | 2 3 4 5 6 7 |  7.2
Air Magic      | 1 3 4 5 |  5.9
Dodging        | 3 4 5 6 7 |  7.3
Evocations     | 2 3 4 5 |  5.7
Fighting       | 1 2 3 4 |  4.8
Armour         | 1 2 3 4 |  4.4
Short Blades   | 1 2 3 4 5 |  5.4
Stealth        | |  2.4

Action                   |  1- 3 |  4- 6 |  7- 9 | 10-12 || total
-------------------------+-------+-------+-------+-------++-------
Melee: Dagger            |     2 |     6 |    11 |       ||    19
       Short sword       |       |       |    16 |       ||    16
       Headbutt          |       |       |     6 |    58 ||    64
       Spear             |       |       |    21 |   269 ||   290
 Cast: Flame Tongue      |    40 |    82 |   207 |   242 ||   571
       Throw Flame       |    16 |    24 |    31 |    31 ||   102
       Inner Flame       |       |     2 |    12 |    19 ||    33
       Conjure Flame     |       |     1 |    14 |    15 ||    30
       Sticky Flame      |       |     1 |    28 |    34 ||    63
       Airstrike         |       |       |     6 |     8 ||    14
       Fireball          |       |       |       |     8 ||     8
       Delayed Fireball  |       |       |       |     1 ||     1
  Use: Potion            |       |     1 |     4 |     5 ||    10
       Scroll            |       |       |    21 |     8 ||    29
 Stab: Sleeping          |       |     3 |     5 |     6 ||    14
  Eat: Chunk             |     2 |     5 |    28 |    10 ||    45
       Meat ration       |       |     1 |       |       ||     1
       Pizza             |       |       |     1 |       ||     1
       Fruit             |       |       |       |     7 ||     7
       Beef jerky        |       |       |       |     2 ||     2
       Bread ration      |       |       |       |     1 ||     1
Armor: Robe              |     1 |     4 |    52 |    60 ||   117
Dodge: Dodged            |    15 |    20 |   107 |   129 ||   271
